 Dungeon Crawl Stone Soup version 0.30-a0-760-g5a9884bb7c (webtiles) character file.

Game seed: 2154038389741269986

127370 holysushi the Black Belt (level 16, -29/93 HPs)
             Began as a Vampire Monk on Feb 11, 2023.
             Was the Champion of Ru.
             Annihilated by a two-headed ogre
             ... wielding a +0 giant spiked club
              (39 damage)
             ... while paralysed by an ogre mage
             ... on level 15 of the Dungeon on Feb 12, 2023.
             The game lasted 01:03:10 (38910 turns).

holysushi the Black Belt (Vampire Monk)            Turns: 38910, Time: 01:03:11

Health: -29/93     AC:  0    Str: 10    XL:     16   Next: 46%
Magic:  14/14      EV:  5    Int: 11    God:    Ru [******]
Gold:   1729       SH:  0    Dex: 29    Spells: 15/15 levels left

rFire   . . .      SeeInvis +      - Unarmed
rCold   + + .      Faith    .    (shield unavailable)
rNeg    + + +      Spirit   .    (body armour currently unavailable)
rPois   ∞          Reflect  .    (helmet currently unavailable)
rElec   .          Harm     .    (cloak currently unavailable)
rCorr   .          Rampage  .    (gloves currently unavailable)
Will    +....                    (boots currently unavailable)
Stlth   ++++++++++               (no amulet)
HPRegen 0.00/turn                (ring unavailable)
MPRegen 0.14/turn                (ring currently unavailable)

@: paralysed, bat-form, flying, bloodless, inhibited regen, unable to drink,
very quick
A: fast, flying, no casting, tiny, bloodless, fangs 3, see invisible, dopey 1,
low MP 1, inability to drink after injury 2, missing a hand, no ice magic, no
summoning magic, no transmutations magic, disrupted magic 1, vampiric 2
a: Revivify, End Transformation, Renounce Religion, Draw Out Power, Power Leap,
Apocalypse


You were on level 15 of the Dungeon.
You worshipped Ru.
Ru was exalted by your worship.
You were a vampire bat.
You visited 4 branches of the dungeon, and saw 23 of its levels.
You also visited: Sewer and Ice Cave.

You collected 2632 gold pieces.
You spent 903 gold pieces at shops.

Inventory:

Missiles
 M - a throwing net (quivered)
Armour
 a - a +2 robe (melded)
Jewellery
 d - a +6 ring of strength
 e - a +6 ring of intelligence
 f - a ring of wizardry
 v - a +6 ring of strength
 D - a +5 ring of evasion
 J - an amulet of regeneration
 K - an amulet of reflection
Wands
 t - a wand of polymorph (5)
 w - a wand of roots (14)
 B - a wand of quicksilver (3)
 C - a wand of flame (26)
 Q - a wand of mindburst (12)
 R - a wand of paralysis (5)
Scrolls
 h - 5 scrolls of amnesia
 n - 3 scrolls of blinking
 o - 2 scrolls of brand weapon
 s - 2 scrolls of vulnerability
 x - 3 scrolls of enchant weapon
 y - 3 scrolls of fear
 z - 4 scrolls of immolation
 E - a scroll of poison
 F - 7 scrolls of teleportation
 G - a scroll of torment
 H - 3 scrolls of fog
 I - a scroll of identify
 L - a scroll of silence
 N - 3 scrolls of enchant armour
 O - 4 scrolls of magic mapping
 T - a scroll of acquirement {unknown}
Potions
 b - 4 potions of ambrosia
 c - 2 potions of magic
 g - 8 potions of lignification
 i - 4 potions of heal wounds
 j - a potion of brilliance
 k - 5 potions of haste
 l - 4 potions of flight
 m - 18 potions of curing
 p - 3 potions of cancellation
 q - 8 potions of might
 r - a potion of resistance
 u - 3 potions of attraction
 A - 3 potions of invisibility
 P - 4 potions of mutation
 S - a potion of berserk rage


   Skills:
 - Level 8.0 Fighting
 * Level 18.8 Dodging
 + Level 18.8 Stealth
 * Level 18.8 Unarmed Combat
 - Level 5.0 Evocations


You had 15 spell levels left.
You didn't know any spells.
Your spell library contained the following spells:

 Spells                   Type           Power      Damage    Failure   Level
 Shock                    Conj/Air       0%         1d3       43%         1
 Slow                     Hex            0%         N/A       43%         1
 Cigotuvi's Dreadful Rot  Necr/Pois/Air  0%         N/A       56%         2
 Poisonous Vapours        Pois/Air       0%         N/A       56%         2
 Static Discharge         Conj/Air       0%         2-2/arc   56%         2
 Confusing Touch          Hex            0%         N/A       78%         3
 Inner Flame              Hex/Fire       0%         N/A       78%         3
 Mephitic Cloud           Conj/Pois/Air  0%         N/A       78%         3
 Portal Projectile        Hex/Tloc       0%         N/A       78%         3
 Vampiric Draining        Necr           0%         2d6       78%         3
 Cause Fear               Hex            0%         N/A       99%         4
 Flame Wave               Conj/Fire      0%         2d4       99%         4
 Leda's Liquefaction      Hex/Erth       0%         N/A       99%         4
 Olgreb's Toxic Radiance  Pois           0%         N/A       99%         4
 Sticky Flame             Conj/Fire      0%         2d3       99%         4
 Arcjolt                  Conj/Air       0%         1d10      100%        5
 Conjure Ball Lightning   Conj/Air       0%         3x3d6     100%        6
 Discord                  Hex            0%         N/A       100%        8
 Disjunction              Tloc           0%         N/A       100%        8
 Chain Lightning          Conj/Air       0%         N/A       100%        9
 Fire Storm               Conj/Fire      0%         5d1       100%        9
 Shatter                  Erth           0%         3d5*      100%        9
 Freeze                   Ice            Unusable   1d3       N/A         1
 Sting                    Tmut/Pois      Unusable   1d3       N/A         1
 Ensorcelled Hibernation  Hex/Ice        Unusable   N/A       N/A         2
 Call Canine Familiar     Summ           Unusable   N/A       N/A         3
 Summon Forest            Summ/Tloc      Unusable   N/A       N/A         5
 Summon Mana Viper        Hex/Summ       Unusable   N/A       N/A         5
 Simulacrum               Ice/Necr       Unusable   N/A       N/A         6
 Summon Cactus Giant      Summ           Unusable   N/A       N/A         6
 Dragon Form              Tmut           Unusable   N/A       N/A         7
 Dragon's Call            Summ           Unusable   N/A       N/A         9
 Polar Vortex             Ice            Unusable   N/A       N/A         9

Dungeon Overview and Level Annotations

Branches:
Dungeon (14/15) Zot: 26886  Temple (1/1) D:7 Zot: 5887    Lair (5/5) D:9 Zot: 23044
  Swamp (0/4) Lair:3       Spider (0/4) Lair:3        Slime (0/5) Lair:5
    Orc (2/2) D:11 Zot: 10903     Elf (0/3) Orc:2        Vaults (0/5) D:13
  Sewer (visited)           IceCv (visited)

Altars:
Ashenzari
Cheibriados
Dithmenos
Fedhas
Gozag
Hepliaklqana
Kikubaaqudgha
Makhleb
Nemelex Xobeh
Okawaru
Ru
Sif Muna
Trog
Uskayaw
Vehumet
Wu Jian
Xom
Yredelemnul

Shops:
D:1 *(([?   Orc:1 *   Orc:2 ?[(!

Annotations:
D:6 1 runed translucent door, bande's ghost, novice GrFi
D:8 2 transporters, Gastronok; Grum
Lair:1 exclusion: downstairs
Lair:4 2 transporters


Innate Abilities, Weirdness & Mutations

You are a vampire bat.
You are tiny and dextrous.
You move quickly.
You are flying.
You are immune to poison.
Your equipment is almost entirely melded.
You are incapable of wielding weapons or throwing items.
You cannot cast spells.
You do not regenerate when monsters are visible.
You are frail without blood (-20% HP).
You can heal yourself when you bite living creatures.
You are immune to poison.
You have razor-sharp teeth.
You have supernaturally acute eyesight. (SInv)
You are dopey. (Int -2)
Your magical capacity is low. (-10% MP)
You sometimes lose the ability to drink potions when taking damage.
You are missing a hand.
You cannot study or cast Ice magic.
You cannot study or cast Summoning magic.
You cannot study or cast Transmutations magic.
Your casting is slightly disrupted.
You are afflicted with vampirism and can become a bat while bloodless.


Message History

The two-headed ogre is moderately wounded.
You bite the two-headed ogre!
The two-headed ogre is moderately wounded.
The ogre mage completely misses you.
You maul the two-headed ogre!!
The two-headed ogre is severely wounded.
The two-headed ogre completely misses you. x2
You bite the ogre mage!
The ogre mage is lightly wounded.
The ogre mage begins to cast a spell, but is stunned by your conviction!
You hit the ogre mage.
The ogre mage is moderately wounded.
The two-headed ogre completely misses you.
The two-headed ogre misses you.
You bite the ogre mage! Your bite misses the ogre mage.
The ogre mage is heavily wounded.
Found 12 gold pieces.
The two-headed ogre closely misses you. x2
The ogre mage points at you and mumbles some strange words.
You easily resist.
The two-headed ogre completely misses you.
The two-headed ogre closely misses you.
You hit the two-headed ogre.
The two-headed ogre is lightly wounded.
The ogre mage begins to cast a spell, but is stunned by your conviction!
The ogre mage gestures at you while chanting.
You suddenly lose the ability to move!
The ogre mage barely misses you.
The two-headed ogre hits you with a +0 giant spiked club!!
The two-headed ogre hits you with a +0 giant club!!
You feel threatened and lose the ability to drink potions!
The ogre mage barely misses you.
The two-headed ogre is stunned by your conviction and fails to attack.
The two-headed ogre hits you with a +0 giant club!!
* * * LOW HITPOINT WARNING * * *
The two-headed ogre barely misses you.
The ogre mage hits you from afar with a +0 spear!
* * * LOW HITPOINT WARNING * * *
You focus your inner power and blind the ogre mage in retribution!
The two-headed ogre hits you with a +0 giant spiked club!!!
You die...

##### #
####...# .#
#....#.#..#
#...O..#.#
...$###OO.# ##
##OO###
...###Ob######.
...............
.#............#
#.###.........
.. #......... .
###...######
.## ##...### #
..## #..###
###. ... ##.##


You could see 3 two-headed ogres, an ogre mage (blind) and an ogre.

Vanquished Creatures
  A frost giant (IceCv)
  8 vault guards
  A catoblepas (Lair:3)
  4 hydras
  4 ogre magi (Orc:2)
  Erica (Lair:2)
  18 two-headed ogres
  2 boulder beetles
  A centaur warrior (D:12)
  18 death yaks
  2 tengu warriors
  A skyshark (Lair:5)
  4 deep elf pyromancers
  2 orc knights
  3 cyclopes
  An orc sorcerer (Orc:1)
  A manticore (D:13)
  14 ugly things
  13 elephants
  An ice statue (IceCv)
  A torpor snail (Lair:2)
  17 cane toads
  An unseen horror (D:10)
  6 kobold demonologists
  8 komodo dragons
  Psyche (D:8)
  19 polar bears
  6 trolls
  A tyrant leech (Lair:3)
  10 blink frogs
  A raiju (Lair:5)
  2 dream sheep (Lair:5)
  5 slime creatures
  A shadow (D:9)
  A hog (D:9)
  5 wyverns
  3 wraiths
  35 yaks
  6 basilisks
  11 vampire mosquitoes
  6 wargs
  2 acid dragons
  2 swamp worms (Lair:3)
  16 hell hounds (Lair:5)
  9 water moccasins
  11 black bears (Lair:5)
  5 ice beasts
  A sky beast (D:5)
  12 orc warriors
  27 ogres
  8 centaurs
  46 wolves
  A phantom (D:7)
  10 kobold brigands
  10 bullfrogs
  6 scorpions
  A necrophage (D:3)
  4 gnoll sergeants
  4 wights (D:9)
  8 killer bees
  A vampire bat (D:4)
  6 electric eels (D:10)
  4 howler monkeys
  8 orc priests
  3 hounds
  3 jellies
  6 iguanas
  12 orc wizards
  A hell rat (Sewer)
  11 adders
  13 gnolls
  2 river rats (Sewer)
  2 shadow imps
  2 white imps
  2 ufetubi
  A worm (D:2)
  2 dart slugs
  3 fire bats (D:4)
  57 orcs
  2 spectral bats (D:4)
  7 ball pythons
  3 bat skeletons (D:4)
  A bat zombie (D:4)
  8 endoplasms
  7 giant cockroaches
  5 goblins
  6 hobgoblins
  41 kobolds
  7 quokkas
  20 bats
  A bat simulacrum (D:4)
  A frilled lizard (D:2)
  10 rats
  A spectral goblin (D:12)
688 creatures vanquished.

Vanquished Creatures (others)
  A cane toad (Lair:3)
  A yak (Lair:5)
  A water moccasin (Lair:3)
  An ogre (Orc:1)
  An orc (D:11)
  A kobold (D:11)
  4 bushes (D:9)
  33 fungi
  92 plants
135 creatures vanquished.

Grand Total: 823 creatures vanquished

Notes
Turn   | Place    | Note
-------+----------+-------------------------------------------
     0 | D:1      | holysushi the Vampire Monk began the quest for the Orb.
     0 | D:1      | Reached XP level 1. HP: 17/17 MP: 1/1
    92 | D:1      | Reached XP level 2. HP: 20/23 MP: 2/2
   122 | D:1      | Found Qacifu's Antique Weapon Shoppe.
   273 | D:1      | Found Muemouz's General Store.
   284 | D:1      | Gained mutation: You are afflicted with vampirism and can
                  | become a bat while bloodless. [Vampire growth]
   284 | D:1      | Reached XP level 3. HP: 25/28 MP: 3/3
   611 | D:1      | Found Leaps's Armour Shop.
   630 | D:1      | Found Zeiluh's Magic Scroll Boutique.
   987 | D:1      | Found Tut Iblo's Weapon Boutique.
  1160 | D:2      | Reached skill level 5 in Unarmed Combat
  1242 | D:1      | Reached XP level 4. HP: 24/27 MP: 4/4
  1844 | D:3      | Identified the +2 pair of boots of the Fiddle {*Slow rF++
                  | Str+4 Stlth+}
  1928 | D:3      | Identified the +7 mace of the Vaults {drain, Str+2}
  2026 | D:3      | Reached XP level 5. HP: 9/31 MP: 5/5
  3034 | D:3      | Reached XP level 6. HP: 33/36 MP: 6/6
  3098 | D:4      | Identified the +8 dagger of Broken Luck {spect, rElec Str+4
                  | Dex+4}
  3567 | D:4      | Reached skill level 5 in Stealth
  3756 | D:5      | Entered Level 5 of the Dungeon
  3796 | D:5      | Reached skill level 5 in Dodging
  3796 | D:5      | Reached XP level 7. HP: 29/40 MP: 7/7
  4063 | D:5      | Found a radiant altar of Vehumet.
  4295 | D:5      | Found a glowing drain.
  4314 | Sewer    | Entered a sewer
  5012 | D:6      | Found a runed translucent door.
  5017 | D:6      | Noticed bande's ghost (novice GrFi)
  5099 | D:6      | Reached XP level 8. HP: 42/45 MP: 8/8
  5728 | D:6      | Reached skill level 10 in Unarmed Combat
  6231 | D:6      | HP: 2/45 [acid (9)]
  7031 | D:7      | Found a staircase to the Ecumenical Temple.
  7101 | Temple   | Entered the Ecumenical Temple
  7109 | Temple   | Became a worshipper of Ru the Awakened
  7211 | Temple   | Gained mutation: Your magical capacity is low. (-10% MP)
                  | [Ru sacrifice]
  7293 | D:7      | Found a shimmering altar of Xom.
  7296 | D:7      | Found an ornate altar of the Wu Jian Council.
  7299 | D:7      | Found a burning altar of Makhleb.
  7424 | D:7      | Found a blossoming altar of Fedhas.
  7516 | D:7      | Found a shadowy altar of Dithmenos.
  7516 | D:7      | Found a shimmering blue altar of Sif Muna.
  7516 | D:7      | Found an opulent altar of Gozag.
  8044 | D:8      | Found a transporter.
  8045 | D:8      | Noticed Psyche
  8421 | D:8      | Reached XP level 9. HP: 33/49 MP: 8/8
  8872 | D:8      | Noticed Grum
  8879 | D:8      | Noticed Gastronok
  9047 | D:8      | Killed Psyche
  9048 | D:8      | Reached skill level 10 in Dodging
  9057 | D:8      | Noticed a troll
  9383 | D:8      | Found a transporter.
  9834 | D:9      | Reached skill level 1 in Evocations
 10019 | D:9      | Found a staircase to the Lair.
 10232 | D:9      | Reached skill level 10 in Stealth
 10248 | D:9      | Reached XP level 10. HP: 31/56 MP: 9/9
 11874 | D:1      | Bought a scroll of blinking for 97 gold pieces
 11874 | D:1      | Bought a scroll of poison for 52 gold pieces
 11931 | D:1      | Bought a scroll of teleportation for 36 gold pieces
 11931 | D:1      | Bought a scroll of blinking for 90 gold pieces
 11933 | D:1      | Bought a scroll of vulnerability for 48 gold pieces
 11933 | D:1      | Bought a scroll of identify for 24 gold pieces
 12437 | D:10     | Entered Level 10 of the Dungeon
 12469 | D:10     | Gained mutation: You occasionally lose the ability to drink
                  | potions when taking damage. [Ru sacrifice]
 12469 | D:10     | Gained mutation: You sometimes lose the ability to drink
                  | potions when taking damage. [Ru sacrifice]
 12469 | D:10     | Reached * piety under Ru
 12478 | D:10     | Noticed a sixfirhy
 12485 | D:10     | Noticed an orange demon
 13061 | D:10     | Reached skill level 5 in Evocations
 13770 | D:10     | Noticed a cyclops
 13784 | D:10     | Killed a cyclops
 13785 | D:10     | Reached XP level 11. HP: 42/61 MP: 9/9
 13948 | D:10     | Noticed a two-headed ogre
 13957 | D:10     | Killed a two-headed ogre
 14367 | D:11     | Found a frozen archway.
 14391 | IceCv    | Entered an ice cave
 15581 | IceCv    | Identified the +5 scale mail of Free Expression {Rampage
                  | rElec Str-5 Stlth+}
 15583 | IceCv    | Identified the +1 helmet of the Aged Beggars {rC- Str+5
                  | SInv}
 16285 | IceCv    | Noticed a death yak
 16336 | IceCv    | Killed a death yak
 17369 | IceCv    | Noticed a white ugly thing
 17369 | IceCv    | Noticed a death yak
 17369 | IceCv    | Noticed a death yak
 17369 | IceCv    | Noticed a death yak
 17369 | IceCv    | Noticed a frost giant
 17369 | IceCv    | Noticed a death yak
 17596 | IceCv    | Killed a frost giant
 17810 | IceCv    | Killed a death yak
 17811 | IceCv    | Reached XP level 12. HP: 16/66 MP: 10/10
 19030 | IceCv    | Killed a death yak
 19874 | IceCv    | Killed a death yak
 20235 | IceCv    | Glimpsed the power of Zot.
 20249 | IceCv    | Killed a death yak
 20250 | IceCv    | Reached skill level 5 in Fighting
 20316 | IceCv    | Got Sif Muna's Opusculum on the Wendigo
 20902 | D:11     | Gained mutation: You are missing a hand. [Ru sacrifice]
 20902 | D:11     | Reached ** piety under Ru
 20902 | D:11     | Reached *** piety under Ru
 20902 | D:11     | Reached **** piety under Ru
 21273 | D:11     | Found a staircase to the Orcish Mines.
 21859 | D:11     | Identified the +1 helmet of Twilight {Drain rC++ Int+3}
 21911 | Orc:1    | Entered Level 1 of the Orcish Mines
 22239 | D:12     | Noticed a centaur warrior
 22253 | D:12     | Killed a centaur warrior
 22375 | D:12     | Noticed a two-headed ogre
 22583 | D:12     | Killed a two-headed ogre
 23473 | D:12     | Found a hazy altar of Hepliaklqana.
 23523 | D:12     | Noticed a two-headed ogre
 23787 | D:11     | Killed a two-headed ogre
 24521 | D:12     | Reached XP level 13. HP: 78/78 MP: 11/11
 25254 | Lair:1   | Entered Level 1 of the Lair of Beasts
 26449 | Lair:2   | Noticed Erica
 26470 | Lair:2   | Killed Erica
 26665 | Lair:2   | Reached skill level 15 in Unarmed Combat
 26756 | Lair:2   | Reached skill level 15 in Dodging
 28399 | Lair:3   | Got the Compilation of the Welkin
 28969 | Lair:3   | Found a hole to the Spider Nest.
 29053 | Lair:3   | Reached skill level 15 in Stealth
 29517 | Lair:3   | Reached XP level 14. HP: 68/84 MP: 12/12
 29728 | Lair:3   | Found a staircase to the Swamp.
 29850 | Lair:3   | Found a hole to the Spider Nest.
 30056 | Lair:3   | Found a staircase to the Swamp.
 30517 | Lair:4   | Found a transporter.
 30522 | Lair:4   | Found a transporter.
 32390 | Lair:4   | Gained mutation: You cannot study or cast Ice magic. [Ru
                  | sacrifice]
 32390 | Lair:4   | Gained mutation: You cannot study or cast Transmutations
                  | magic. [Ru sacrifice]
 32390 | Lair:4   | Gained mutation: You cannot study or cast Summoning magic.
                  | [Ru sacrifice]
 32390 | Lair:4   | Reached ***** piety under Ru
 32411 | Lair:4   | Identified the +2 shortbow of Wrongful Imprisonment
                  | {freeze, Int+4}
 32463 | Lair:5   | Entered Level 5 of the Lair of Beasts
 33119 | Lair:5   | Identified the +1 pair of boots of Amukuph {rN+ Int+4}
 33162 | Lair:5   | Found a staircase to the Slime Pits.
 35167 | Orc:2    | Entered Level 2 of the Orcish Mines
 35271 | Orc:2    | Gained mutation: Your casting is slightly disrupted. [Ru
                  | sacrifice]
 35357 | Orc:2    | Found a staircase to the Elven Halls.
 35462 | Orc:1    | Found Orufafuh's Assorted Antiques.
 35605 | Orc:1    | Bought 2 glowing red potions for 46 gold pieces
 35605 | Orc:1    | Bought a glowing lead wand for 104 gold pieces
 35617 | Orc:1    | Reached XP level 15. HP: 74/74 MP: 13/13
 35791 | Orc:2    | Found Tichosu's Distillery.
 35791 | Orc:2    | Found Bis Nos's Weapon Emporium.
 35792 | Orc:2    | Found Zeffeo Woso's Antique Armour Emporium.
 35792 | Orc:2    | Found Laxtusoy's Magic Scroll Boutique.
 35800 | Orc:2    | Reached XP level 16. HP: 92/93 MP: 5/14
 36096 | Orc:2    | Bought a potion of might for 44 gold pieces
 36096 | Orc:2    | Bought a potion of might for 44 gold pieces
 36096 | Orc:2    | Bought a potion of mutation for 88 gold pieces
 36098 | Orc:2    | Bought a scroll of teleportation for 33 gold pieces
 36098 | Orc:2    | Bought a scroll of teleportation for 33 gold pieces
 36098 | Orc:2    | Bought a scroll of blinking for 82 gold pieces
 36098 | Orc:2    | Bought a scroll of blinking for 82 gold pieces
 36470 | D:13     | Found a gate to the Vaults.
 38763 | D:14     | You are sucked into a shaft and drop 1 floor!
 38763 | D:15     | Entered Level 15 of the Dungeon
 38802 | D:15     | Gained mutation: You are dopey. (Int -2) [Ru sacrifice]
 38802 | D:15     | Reached ****** piety under Ru
 38906 | D:15     | Paralysed by an ogre mage for 4 turns
 38910 | D:15     | Annihilated by a two-headed ogre

Illustrated notes

Levels and vault maps discovered:
D:1:      saegor_arrival_fortress, layout_basic, serial_forest,
          infiniplex_forest_clump_small, infiniplex_forest_join,
          infiniplex_forest_clump_curved, infiniplex_forest_straight_2,
          infiniplex_forest_lined_room_3, infiniplex_forest_zigzag_2,
          serial_shops, nicolae_shop_trees, shop, shop, shop,
          nicolae_lakefront_shop
D:2:      layout_basic
D:3:      layout_rooms
D:4:      layout_cave_pools, goddamned_bats
D:5:      layout_loops_cross, nicolae_vehumet_radiance, portal_sewer_entry_b
D:6:      layout_basic, ebering_ghost_reflecting_pool,
          hangedman_abyss_or_decor_lesser_grid, minivault_5,
          nicolae_zen_rock_garden, minmay_quadrilaterals
D:7:      layout_gridville, gammafunk_temple_overflow_claw,
          grunt_temple_overflow_cloverleaf, fedhas_ov_isle_minmay,
          minmay_temple_entry_arrows
D:8:      gammafunk_cloud_chamber, layout_rooms, uniq_grum, uniq_gastronok,
          uniq_psyche
D:9:      layout_roguey, minmay_lair_entry_grove, bh_walls_and_bars
D:10:     layout_basic, kennysheep_generic_room_11
D:11:     layout_long_grid, kennysheep_orc_monster_closet_entryway,
          portal_ice_cave_entry_pillars_1
D:12:     layout_basic, serial_rivers, chequers_serial_rivers_small_a,
          chequers_serial_rivers_micro_c, chequers_serial_rivers_marsh,
          chequers_serial_rivers_marsh, chequers_serial_rivers_micro_d,
          minmay_large_rounded_square, nicolae_hepliaklqana_monster_ancestors
D:13:     layout_big_octagon, erik_vaults_2
D:14:     layout_cave_pools, elyvilon_altar_4, hangedman_decor_clover_reticule,
          minmay_between
D:15:     grunt_enter_depths_magical_seal, layout_rooms,
          hangedman_abyss_or_decor_slice, bloody_trog
Temple:   nicolae_temple_ecumenical_triangle
Lair:1:   layout_layer_cave
Lair:2:   layout_cave_pods, ldierk_geyser, hangedman_lair_unloving_vines,
          grunt_megastairs_2, uniq_erica
Lair:3:   layout_roguey, palyth_hydra_swamp_entry,
          nicolae_spider_entry_non_spiders, beast_lair_carwin_9,
          lemuel_fruit_tree, lemuel_fruit_fields
Lair:4:   gammafunk_boulding_lane, layout_big_grid,
          grunt_forest_small_clearing_treed
Lair:5:   hangedman_lair_caniforms_friends, layout_long_grid, slime_entry_1,
          infiniplex_staircase_pool
Orc:1:    layout_caves, serial_shops, nicolae_shop_overgrown_old_shop
Orc:2:    st_orc_ogre_mass, layout_caves, basic_altar, nicolae_orc_tapped_out

Skill      XL: |  1  2  3  4  5  6  7  8  9 10 11 12 13 14 15 16 |
---------------+-------------------------------------------------+-----
Unarmed Combat | 4 5 6 7 9 10 11 13 14 16 17 18 | 18.8
Stealth        | 4 5 10 11 12 15 17 18 | 18.8
Dodging        | 4 5 6 8 10 11 13 14 16 17 18 | 18.8
Evocations     | 3 5 |  5.0
Fighting       | 3 4 8 |  8.0

Action                     |  1- 3 |  4- 6 |  7- 9 | 10-12 | 13-15 | 16-18 || total
---------------------------+-------+-------+-------+-------+-------+-------++-------
  Melee: Unarmed           |   110 |   212 |   502 |  1306 |  1356 |   338 ||  3824
         Bite              |    13 |    29 |    89 |   257 |   290 |    69 ||   747
 Invoke: Sacrifice Essence |       |       |     1 |       |     1 |       ||     2
         Sacrifice Drink   |       |       |       |     1 |       |       ||     1
         Power Leap        |       |       |       |     6 |     6 |     1 ||    13
         Sacrifice a Hand  |       |       |       |     1 |       |       ||     1
         Reject Sacrifices |       |       |       |       |     1 |       ||     1
         Apocalypse        |       |       |       |       |     3 |       ||     3
         Sacrifice Arcana  |       |       |       |       |     1 |       ||     1
         Sacrifice Purity  |       |       |       |       |       |     1 ||     1
Ability: Bat Form          |     1 |       |       |       |       |       ||     1
         Exsanguinate      |     1 |       |       |       |       |       ||     1
  Evoke: Wand              |       |       |       |    46 |     8 |       ||    54
    Use: Scroll            |       |    14 |     7 |     8 |     5 |       ||    34
         Potion            |       |     2 |       |     2 |     1 |       ||     5
   Stab: Sleeping          |    15 |    11 |    18 |    22 |    36 |     5 ||   107
         Distracted        |       |     5 |     1 |    15 |    16 |     5 ||    42
         Petrified         |       |       |       |       |     7 |       ||     7
         Petrifying        |       |       |       |       |     6 |       ||     6
         Invisible         |       |       |       |       |    14 |     8 ||    22
         Paralysed         |       |       |       |       |     6 |     6 ||    12
 Armour: Robe              |    13 |       |       |       |       |       ||    13
  Dodge: Dodged            |    82 |   225 |   450 |  1306 |  1102 |   228 ||  3393
  Block: Other             |       |       |       |    33 |   215 |       ||   248
         Reflection        |       |       |       |     1 |     5 |       ||     6

Table legend: (Time is in decaauts)
 A = Elapsed time spent in this place.
 B = Non-inter-level travel time spent in this place.
 C = Inter-level travel time spent in this place.
 D = Time resting spent in this place.
 E = Time spent auto-exploring this place.
 F = Levels seen in this place.
 G = Mean time per level.
                   A        B        C        D        E       F      G
               +--------+--------+--------+--------+--------+-----+--------+
         Total |  30618 |  29654 |    964 |  12599 |   9288 |  25 | 1224.7 |
       Dungeon |  17097 |  16371 |    726 |   6800 |   5476 |  15 | 1139.8 |
        Temple |    112 |    112 |      0 |    100 |      0 |   1 |  112.0 |
          Lair |   6955 |   6748 |    207 |   2239 |   2598 |   5 | 1391.0 |
  Orcish Mines |   1096 |   1066 |     30 |    148 |    629 |   2 |  548.0 |
         Sewer |    221 |    221 |      0 |    100 |     69 |   1 |  221.0 |
      Ice Cave |   5134 |   5134 |      0 |   3211 |    514 |   1 | 5134.0 |
               +--------+--------+--------+--------+--------+-----+--------+

Top non-repeatable levels by time:
   IceCv: 5134 daAuts
    D:11: 2466 daAuts
    D:12: 2465 daAuts
     D:9: 2238 daAuts
  Lair:3: 2115 daAuts
  Lair:2: 1616 daAuts
    D:10: 1544 daAuts
     D:8: 1379 daAuts
  Lair:5: 1378 daAuts
     D:6: 1210 daAuts
  Lair:4: 1165 daAuts
     D:5: 1061 daAuts
     D:1: 928 daAuts
     D:7: 848 daAuts
    D:13: 764 daAuts
